 Dungeon Crawl Stone Soup version 0.26.0-57-g60708a5e39 (webtiles) character file.

Game seed: 18225813045244925289

373 swilekon the Shield-Bearer (level 6, -4/43 HPs)
             Began as an Octopode Fighter on Feb 2, 2021.
             Slain by a phantom (7 damage)
             ... on level 4 of the Dungeon.
             The game lasted 00:07:34 (3339 turns).

swilekon the Shield-Bearer (Octopode Fighter)       Turns: 3339, Time: 00:07:34

Health: -4/43      AC:  5    Str: 15      XL:     6   Next: 71%
Magic:  15/15      EV: 13    Int: 10      God:
Gold:   150        SH:  9    Dex: 13 (14) Spells: 5/5 levels left

rFire    . . .     SeeInvis .   j - +0 falchion (holy)
rCold    . . .     Faith    .   b - +0 kite shield
rNeg     . . .     Spirit   .   (helmet restricted)
rPois    .         Reflect  .   (no amulet)
rElec    .         Harm     .   g - +4 ring of protection
rCorr    .         Rampage  .   l - ring of magical power
Will     .....                  (no ring)
Stlth    ++........             (no ring)
HPRegen  0.14/turn              (no ring)
MPRegen  0.14/turn              (no ring)
                                (no ring)
                                (no ring)

@: no status effects
A: almost no armour, stealthy swim, amphibious, 8 rings, constrict 8, camouflage
1, gelatinous body 1
a: no special abilities


You were on level 4 of the Dungeon.
You visited 1 branch of the dungeon, and saw 4 of its levels.

You collected 150 gold pieces.

Inventory:

Hand Weapons
 j - a +0 falchion of holy wrath (weapon)
Armour
 b - a +0 kite shield (worn)
Jewellery
 g - a +4 ring of protection (left tentacle)
 l - a ring of magical power (right tentacle)
Scrolls
 d - a scroll of remove curse
 h - 2 scrolls of identify
 m - a scroll of fear
 n - 2 scrolls of teleportation
Potions
 c - a potion of might
 e - 2 potions of heal wounds
 f - a potion of flight
 q - 2 potions of curing


   Skills:
 + Level 4.1 Fighting
 - Level 3.4 Short Blades
 * Level 0.4(2.1) Long Blades
 + Level 4.2 Dodging
 * Level 5.1 Shields


You had 5 spell levels left.
You didn't know any spells.
Your spell library was empty.

Dungeon Overview and Level Annotations

Branches:
Dungeon (4/15)
 Temple: D:4-7

Altars:
Cheibriados
Elyvilon
Hepliaklqana
Wu Jian
Zin


Innate Abilities, Weirdness & Mutations

You cannot wear most types of armour.
You are very stealthy in the water. (Stealth+)
You are amphibious.
You can wear up to eight rings at the same time.
You can use your tentacles to constrict eight enemies at once.
Your skin changes colour to match your surroundings (Stealth+).
Your rubbery body absorbs attacks. (AC +1, EV +1)


Message History

The phantom is almost destroyed.
The phantom blinks!
The phantom blinks!
The phantom barely misses you.
You closely miss the phantom.
You squeeze the phantom, but do no damage.
The phantom is almost destroyed.
The phantom hits you. x2
* * * LOW HITPOINT WARNING * * *
You barely miss the phantom.
The phantom is almost destroyed.
The phantom blinks!
You hit the phantom.
The phantom convulses.
Your squeeze misses the phantom.
The phantom is almost destroyed.
The phantom hits you!
* * * LOW HITPOINT WARNING * * *
You barely miss the phantom. Your squeeze misses the phantom.
The phantom is almost destroyed.
The phantom hits you!
You die...

.##.# ###.#
##.......#####. # #.#
#........)..... #.#
#..........(..) #.#
#.............. #.#
#..............
###.######..............
................)W#.....
########### ###.@.......
#8###⌠###8###8#.........
...............<........
.)...(.............#####
...................#
#8##...##8###8#...##
####...#### ###..##
#8...8# ..## ##...## ###


You could see a phantom.

Vanquished Creatures
  Eustachio (D:4)
  A hound (D:3)
  Natasha (D:3)
  A worker ant (D:4)
  3 gnolls (D:4)
  3 adders
  A river rat (D:3)
  5 worms
  3 dart slugs
  5 leopard geckos
  3 orcs
  7 bats
  3 giant cockroaches
  5 hobgoblins
  4 jackals (D:2)
  8 kobolds
  2 quokkas
  A ball python (D:3)
  A frilled lizard (D:3)
  7 goblins
  7 rats
72 creatures vanquished.

Notes
Turn   | Place    | Note
-------+----------+-------------------------------------------
     0 | D:1      | swilekon the Octopode Fighter began the quest for the Orb.
     0 | D:1      | Reached XP level 1. HP: 16/16 MP: 1/1
   409 | D:1      | Reached XP level 2. HP: 21/21 MP: 2/2
   874 | D:2      | Reached XP level 3. HP: 26/26 MP: 3/3
   885 | D:2      | Found a white marble altar of Elyvilon.
  1333 | D:2      | Found an ornate altar of the Wu Jian Council.
  1413 | D:2      | Reached XP level 4. HP: 31/31 MP: 4/4
  1897 | D:3      | Reached skill level 4 in Shields
  2165 | D:3      | Found a glowing silver altar of Zin.
  2166 | D:3      | Noticed an angel
  2256 | D:3      | Reached XP level 5. HP: 33/36 MP: 5/5
  2456 | D:3      | Noticed Natasha
  2463 | D:3      | Killed Natasha
  2737 | D:3      | Found a hazy altar of Hepliaklqana.
  3107 | D:4      | Noticed a phantom
  3139 | D:4      | Noticed Eustachio
  3159 | D:4      | Killed Eustachio
  3160 | D:4      | Reached skill level 5 in Shields
  3160 | D:4      | Reached XP level 6. HP: 33/43 MP: 6/6
  3236 | D:4      | Found a snail-covered altar of Cheibriados.
  3339 | D:4      | Slain by a phantom

Illustrated notes

Levels and vault maps discovered:
D:1:      moated_graveyard_arrival, layout_loops_ring,
          amcnicky_mini_rare_corridor_liquid
D:2:      layout_basic, elyvilon_altar_3, lemuel_doored_altar
D:3:      layout_loops_corners, zin_angel, marbit_many_paths,
          portal_sewer_entry_b, uniq_natasha
D:4:      layout_rooms, kennysheep_little_box, tgw_xom,
          nemelex_xobeh_ov_fountains_minmay, minmay_temple_entry_steel_oval,
          serial_corexii_hall, corexii_hall_statues_u, corexii_hall_statues_t,
          uniq_blork_the_orc, uniq_eustachio

Skill      XL: |  1  2  3  4  5 |
---------------+----------------+-----
Shields        | 4 5 |  5.1
Short Blades   | 3 |  3.4
Fighting       | 4 |  4.1
Dodging        | 4 |  4.2
Long Blades    | |  0.4

Action                   |  1- 3 |  4- 6 || total
-------------------------+-------+-------++-------
Melee: Rapier            |    75 |    86 ||   161
       Constrict         |    18 |    29 ||    47
       Tentacles         |     9 |    29 ||    38
       Falchion          |       |    31 ||    31
  Use: Scroll            |       |     9 ||     9
       Potion            |       |     6 ||     6
 Stab: Sleeping          |     4 |     5 ||     9
Armor: Skin              |    18 |    14 ||    32
Dodge: Dodged            |    19 |    30 ||    49
Block: Kite shield       |    29 |    47 ||    76
       Rpst.: Falchion   |       |     6 ||     6
